 Dungeon Crawl Stone Soup version 0.27.0-66-gdc8fb28755 (webtiles) character file.

Game seed: 8862060867906863384

34 Malachi the Covered (level 3, -2/23 HPs)
             Began as a Gargoyle Fighter on Aug 19, 2021.
             Slain by a worm (6 damage)
             ... on level 2 of the Dungeon.
             The game lasted 00:01:14 (990 turns).

Malachi the Covered (Gargoyle Fighter)               Turns: 990, Time: 00:01:15

Health: -2/23      AC: 10    Str: 20    XL:     3   Next: 31%
Magic:  3/3        EV:  7    Int:  8    God:
Gold:   12         SH:  9    Dex:  9    Spells: 2/2 levels left

rFire    . . .     SeeInvis .   a - +0 flail
rCold    . . .     Faith    .   c - +0 kite shield
rNeg     + . .     Spirit   .   b - +0 scale mail
rPois    ∞         Reflect  .   (no helmet)
rElec    +         Harm     .   (no cloak)
rCorr    .         Rampage  .   (no gloves)
Will     .....                  (no boots)
Stlth    ..........             (no amulet)
HPRegen  0.07/turn              (no ring)
MPRegen  0.08/turn              (no ring)

@: no status effects
A: sickness immunity, AC +3, negative energy resistance 1, electricity
resistance, torment resistance 1, petrification resistance
a: no special abilities


You were on level 2 of the Dungeon.
You visited 1 branch of the dungeon, and saw 2 of its levels.

You collected 12 gold pieces.

Inventory:

Hand Weapons
 a - a +0 flail (weapon)
Armour
 b - a +0 scale mail (worn)
 c - a +0 kite shield (worn)
Scrolls
 e - a scroll of teleportation {unknown}
Potions
 d - a potion of might
 f - a potion of mutation {unknown}


   Skills:
 + Level 3.5 Fighting
 + Level 2.6 Maces & Flails
 + Level 3.7 Armour
 + Level 3.7 Shields


You had 2 spell levels left.
You didn't know any spells.
Your spell library was empty.

Dungeon Overview and Level Annotations

Branches:
Dungeon (2/15)

Altars:

Shops:
D:2 !


Innate Abilities, Weirdness & Mutations

You are immune to sickness and miasma.
Your stone body is resilient. (AC +3)
You are immune to poison.
You resist negative energy. (rN+)
You are resistant to electric shocks. (rElec)
You are resistant to unholy torment.
You are immune to petrification.


Message History

You block the hobgoblin's attack. You block the kobold's attack.
The worm bites you.
* * * LOW HITPOINT WARNING * * *
You block the goblin's attack. The hobgoblin hits you.
* * * LOW HITPOINT WARNING * * *
The kobold completely misses you.
The hobgoblin hits you but does no damage.
Found Azyx's Distillery.
You block the goblin's attack.
The kobold throws a stone.
The stone hits you but does no damage.
You closely miss the goblin. The goblin completely misses you.
You miss the goblin. You block the goblin's attack.
The goblin hits you but does no damage.
You closely miss the goblin. The goblin hits you but does no damage.
You barely miss the goblin. You block the goblin's attack. x2
You closely miss the goblin. You block the goblin's attack.
You barely miss the goblin. The goblin hits you but does no damage.
The goblin barely misses you.
You thump the goblin!
You kill the goblin!
The kobold throws a stone.
The stone hits you but does no damage.
You barely miss the kobold. You block the kobold's attack.
You closely miss the kobold. You block the kobold's attack. x2
You hit the kobold but do no damage. The kobold barely misses you.
You sock the kobold!
You kill the kobold!
You hit the hobgoblin.
The hobgoblin is moderately wounded.
The hobgoblin hits you but does no damage.
The hobgoblin barely misses you.
You barely miss the hobgoblin.
The hobgoblin is moderately wounded.
The hobgoblin hits you.
* * * LOW HITPOINT WARNING * * *
You sock the hobgoblin!
You kill the hobgoblin!
You hit the worm.
The worm is moderately wounded.
The worm bites you.
You die...

#.# #.##.# #.##.# #
#.##.# .# #
#.##.##.##.#.##.
#..............
#...K†....##.
#.######.##w##.....g
#...∩@wg.##.<.......
########.......#####
#########


You could see a worm and a hobgoblin.

Vanquished Creatures
  A ball python (D:1)
  An endoplasm (D:1)
  5 goblins
  5 hobgoblins
  7 jackals (D:1)
  2 bats (D:1)
  2 frilled lizards
  3 kobolds
  3 rats (D:1)
29 creatures vanquished.

Notes
Turn   | Place    | Note
-------+----------+-------------------------------------------
     0 | D:1      | Malachi the Gargoyle Fighter began the quest for the Orb.
     0 | D:1      | Reached XP level 1. HP: 14/14 MP: 1/1
   220 | D:1      | Reached XP level 2. HP: 15/19 MP: 2/2
   634 | D:1      | Reached XP level 3. HP: 23/23 MP: 3/3
   970 | D:2      | Found Azyx's Distillery.
   990 | D:2      | Slain by a worm

Illustrated notes

Levels and vault maps discovered:
D:1:      minmay_arrival_cross, layout_loops_ring
D:2:      layout_loops_ring, serial_shops, shop_statue, nicolae_shop_crystal,
          shop, moated_statue, minmay_three_crescents, uniq_natasha,
          uniq_sigmund

Action                   || total
-------------------------++-------
Melee: Flail             ||   110
Armor: Scale mail        ||    63
Dodge: Dodged            ||    32
Block: Kite shield       ||    73
